 Dungeon Crawl Stone Soup version 0.30.0-15-g856e2d3f33 (webtiles) character file.

Game seed: 3947491395083045243

434 AlmostDecent the Spear-Bearer (level 7, -7/81 HPs)
             Began as a Merfolk Berserker on May 19, 2023.
             Was a Believer of Trog.
             Killed by divine providence
             ... invoked by an orc priest
              (10 damage)
             ... on level 4 of the Dungeon.
             The game lasted 00:09:37 (3119 turns).

AlmostDecent the Spear-Bearer (Merfolk Berserker)   Turns: 3119, Time: 00:09:38

Health: -7/81      AC:  3    Str: 20    XL:     7   Next: 0%
Magic:  7/7        EV: 13    Int:  6    God:    Trog [**....]
Gold:   175        SH:  0    Dex: 13    Spells: 6/6 levels left

rFire   . . .        q - +0 halberd (venom)
rCold   . . .        (shield currently unavailable)
rNeg    . . .        b - +0 animal skin
rPois   .            (no helmet)
rElec   .            l - +0 cloak
rCorr   .            (no gloves)
SInv    .            (no boots)
Will    .....        (no amulet) Stlth
                     (no ring)
HPRegen 0.33/turn    (no ring)
MPRegen 0.10/turn

%: no passive effects
@: berserking, very quick
A: (nimble swimmer 2), mertail
a: Renounce Religion, Berserk, Trog's Hand


You were on level 4 of the Dungeon.
You worshipped Trog.
Trog was pleased with you.
You visited 1 branch of the dungeon, and saw 4 of its levels.

You collected 175 gold pieces.

Inventory:

Hand Weapons
 a - a +0 spear
 i - a +0 short sword of flaming
 j - a +0 vampiric short sword
 q - a +0 halberd of venom (weapon)
Armour
 b - a +0 animal skin (worn)
 l - a +0 cloak (worn)
Jewellery
 m - the amulet "Gijunier" {Reflect Drain MP+9 Int+7 SH+5}
   (You found it on level 2 of the Dungeon)

   [amulet of reflection]

   It reflects blocked missile attacks.
   Int:       It affects your intelligence (+7).
   MP:        It affects your magic capacity (+9).
   Drain:     It drains your maximum health when unequipped.
   SH:        It affects your SH (+5).
Wands
 v - a wand of paralysis (11)
Scrolls
 d - a scroll of vulnerability {unknown}
 h - 3 scrolls of teleportation {unknown}
 k - a scroll of torment {unknown}
 n - 3 scrolls of identify {unknown}
 p - a scroll of enchant armour {unknown}
 t - 2 scrolls of magic mapping {unknown}
Potions
 c - 2 potions of might {unknown}
 e - a potion of heal wounds {unknown}
 f - 4 potions of brilliance {unknown}
 g - 4 potions of degeneration {unknown}
 o - 2 potions of lignification {unknown}
 r - a potion of curing {unknown}
 s - a potion of haste {unknown}
 u - a potion of flight {unknown}
 w - a potion of berserk rage {unknown}


   Skills:
 + Level 4.1 Fighting
 * Level 8.4 Polearms
 + Level 1.5 Armour
 + Level 3.8 Dodging
 + Level 2.7 Stealth


You had 6 spell levels left.
You didn't know any spells.
Your spell library was empty.

Dungeon Overview and Level Annotations

Branches:
Dungeon (4/15)
 Temple: D:4-7

Altars:


Innate Abilities, Weirdness & Mutations

((You are very nimble when in or above water. (Stealth+, EV+, Speed+++)))
Your lower body shifts to a powerful aquatic tail in water.


Message History

An orc comes into view. It is wielding a +0 dagger.
The orc priest shoots an arrow.
The arrow misses you.
Reach: q) +0 halberd (venom)
Press: ? - help, Dir - move target, f/p - orc priest
Aim: an orc priest, wielding a +0 shortbow and wearing a +0 chain mail (about 35% to evade your +0 halberd of venom)
The orc is in the way.
You hit the orc.
The orc is severely wounded.
The orc hits you with a +0 dagger.
Reach: q) +0 halberd (venom)
Press: ? - help, Dir - move target, f/p - orc priest
Aim: an orc priest, wielding a +0 shortbow and wearing a +0 chain mail (about 35% to evade your +0 halberd of venom)
You reach to attack!
You hit the orc priest.
The orc priest is poisoned.
The orc priest is moderately wounded.
The orc hits you with a +0 dagger.
* * * LOW HITPOINT WARNING * * *
Reach: q) +0 halberd (venom)
Press: ? - help, Dir - move target, f/p - orc priest
Aim: an orc priest, wielding a +0 shortbow and wearing a +0 chain mail (moderately wounded, very poisoned, about 35% to evade your +0 halberd of venom)
You reach to attack!
You hit the orc priest but do no damage.
The orc priest looks as sick as possible!
The orc priest is moderately wounded.
The orc hits you with a +0 dagger.
* * * LOW HITPOINT WARNING * * *
Reach: q) +0 halberd (venom)
Press: ? - help, Dir - move target, f/p - orc priest
Aim: an orc priest, wielding a +0 shortbow and wearing a +0 chain mail (heavily wounded, extremely poisoned, about 35% to evade your +0 halberd of venom)
You reach to attack!
You hit the orc priest but do no damage.
The orc priest is heavily wounded.
The orc priest invokes the aid of Beogh against you.
Beogh smites you!
* * * LOW HITPOINT WARNING * * *
The orc hits you but does no damage.
A red film seems to cover your vision as you go berserk!
You feel yourself moving faster!
You feel mighty! The orc hits you but does no damage.
The orc priest calls down the wrath of Beogh upon you.
Beogh smites you!
You die...

........# #.#####.#
#.####### #.......#
######..# ###..#
#....# #.#.## #.#.#
#######.#.#
#...)@oo..#
#.#####.#.####
......o.#..........#
###.......#.....##.#
##.####.......##.#
#. #.#.....##.# #
#.#.....##.# #
###.#.##.# #.#.##.#


You could see an orc priest (extremely poisoned) and an orc.

Vanquished Creatures
  An ogre (D:4)
  A phantom (D:4)
  3 orc wizards (D:4)
  8 gnolls
  4 adders
  A worm (D:2)
  2 dart slugs
  4 orcs (D:4)
  9 endoplasms
  2 giant cockroaches
  9 goblins
  7 hobgoblins
  3 jackals (D:4)
  4 quokkas
  10 ball pythons
  4 bats
  2 frilled lizards (D:1)
  10 kobolds
  5 rats
89 creatures vanquished.

Notes
Turn   | Place    | Note
-------+----------+-------------------------------------------
     0 | D:1      | AlmostDecent the Merfolk Berserker began the quest for the
                  | Orb.
     0 | D:1      | Reached XP level 1. HP: 18/18 MP: 1/1
   134 | D:1      | Reached XP level 2. HP: 24/24 MP: 2/2
   404 | D:1      | Reached XP level 3. HP: 29/29 MP: 3/3
   486 | D:1      | Reached skill level 5 in Polearms
   489 | D:1      | Reached ** piety under Trog
  1150 | D:2      | Reached XP level 4. HP: 37/37 MP: 4/4
  1504 | D:2      | Reached skill level 6 in Polearms
  1578 | D:2      | Identified the amulet "Gijunier" {Reflect Drain MP+9 Int+7
                  | SH+5}
  2035 | D:3      | Found a faded altar of an unknown god.
  2211 | D:3      | Reached skill level 1 in Stealth
  2214 | D:3      | Reached XP level 5. HP: 42/42 MP: 5/5
  2871 | D:4      | Noticed a phantom
  2875 | D:4      | Reached skill level 7 in Polearms
  2909 | D:4      | Killed a phantom
  2910 | D:4      | Reached XP level 6. HP: 47/48 MP: 6/6
  3066 | D:4      | Reached skill level 8 in Polearms
  3110 | D:4      | Reached XP level 7. HP: 26/54 MP: 7/7
  3118 | D:4      | HP: 2/54 [orc priest/divine providence (12)]
  3119 | D:4      | Killed from afar by an orc priest

Illustrated notes

Levels and vault maps discovered:
D:1:      dpeg_arrival_simpleton_b, layout_basic, minmay_crystal_room,
          minmay_tripent
D:2:      layout_basic, serial_co_window_serial, co_window_of_opportunity_a,
          co_window_of_opportunity_a, co_window_of_opportunity_a,
          co_window_of_opportunity_a, co_window_corner_a, co_window_paths_a,
          co_window_of_opportunity_a, co_window_paths_a, co_window_paths_b,
          co_window_cross_3, co_window_cross_4, co_window_broadway_c,
          co_window_unsneaky_path_a, glass_columns_b, glass_columns_c,
          glass_columns_a, st_stairs_3
D:3:      layout_loops_corners, chequers_ecumenical_altar_island,
          minmay_tree_intersection
D:4:      layout_loops_ring, minmay_temple_entry_stoned_glass,
          portal_sewer_entry_b, minmay_misc_feat_rows,
          chequers_serial_rivers_small_3

Skill      XL: |  1  2  3  4  5  6 |
---------------+-------------------+-----
Dodging        | 3 |  3.8
Polearms       | 5 6 7 8 |  8.4
Stealth        | 1 2 |  2.7
Fighting       | 4 |  4.1
Armour         | |  1.5

Action                     |  1- 3 |  4- 6 |  7- 9 || total
---------------------------+-------+-------+-------++-------
  Melee: Spear             |   139 |    88 |       ||   227
         Punch             |     1 |       |       ||     1
         Tailslap          |       |     2 |       ||     2
         Halberd           |       |    73 |     9 ||    82
 Invoke: Berserk           |     1 |     4 |     1 ||     6
   Stab: Sleeping          |     3 |     8 |       ||    11
 Armour: Animal skin       |    25 |    18 |     2 ||    45
  Dodge: Dodged            |    47 |    61 |     2 ||   110
